 Dungeon Crawl Stone Soup version 0.30-a0-986-g7f2e898f52 (webtiles) character file.

Game seed: 7971371635440537222

3113 jimonade the Spear-Bearer (level 9, -4/80 HPs)
             Began as a Hill Orc Monk on Apr 1, 2023.
             Slain by a warg (10 damage)
             ... on level 7 of the Dungeon.
             The game lasted 00:18:14 (8346 turns).

jimonade the Spear-Bearer (Hill Orc Monk)           Turns: 8346, Time: 00:18:14

Health: -4/80      AC: 15    Str: 18    XL:     9   Next: 91%
Magic:  14/14      EV:  8    Int: 13    God:
Gold:   294        SH:  3    Dex: 13    Spells: 8/8 levels left

rFire   . . .      SeeInvis .    a - +1 trident
rCold   . . .      Faith    .    F - +0 buckler
rNeg    . . .      Spirit   .    g - +0 chain mail
rPois   .          Reflect  .    u - +1 helmet
rElec   +          Rampage  .    k - +0 cloak
rCorr   .                        I - +0 pair of gloves
Will    +....                    (no boots) Stlth
                                 y - amulet of the acrobat
HPRegen 0.33/turn                B - ring of Hiban {rElec Will+ Int+3}
MPRegen 0.14/turn                (no ring)

@: mighty, hasted, very quick
A: no striking features
a: no special abilities


You were on level 7 of the Dungeon.
You visited 1 branch of the dungeon, and saw 7 of its levels.

You collected 294 gold pieces.

Inventory:

Hand Weapons
 a - a +1 trident (weapon)
 b - a +2 whip of holy wrath
 i - a +0 trident
 n - a +1 hand axe of flaming
 o - a +0 arbalest
 r - a +0 trident
 z - a +0 trident
 A - a +0 dire flail
 D - a +2 antimagic short sword
 G - a +0 halberd
Missiles
 d - 40 stones
 l - 13 poisoned darts (quivered)
 x - 3 javelins
Armour
 g - a +0 chain mail (worn)
 k - a +0 cloak (worn)
 p - a +0 ring mail
 u - a +1 helmet (worn)
 F - a +0 buckler (worn)
 I - a +0 pair of gloves (worn)
Jewellery
 v - a ring of fire
 y - an amulet of the acrobat (around neck)
 B - the ring of Hiban (left hand) {rElec Will+ Int+3}
   (You found it on level 4 of the Dungeon)

   [ring of willpower]

   Int:       It affects your intelligence (+3).
   rElec:     It insulates you from electricity.
   Will:      It increases your willpower.
Wands
 C - a wand of paralysis (8)
 H - a wand of iceblast (5)
Scrolls
 f - 2 scrolls of enchant weapon
 h - a scroll of enchant armour
 t - 2 scrolls of teleportation
 w - 2 scrolls of identify
Potions
 c - a potion of ambrosia
 e - a potion of brilliance {unknown}
 q - 2 potions of cancellation {unknown}
 s - 4 potions of curing
 E - 2 potions of flight {unknown}
 J - 2 potions of heal wounds {unknown}


   Skills:
 + Level 7.6 Fighting
 + Level 9.3 Polearms
 + Level 1.7 Throwing
 + Level 6.3 Armour
 + Level 3.3 Dodging
 - Level 1.5 Stealth
 + Level 0.4 Shields
 * Level 7.9 Invocations
 + Level 0.1 Evocations


You had 8 spell levels left.
You didn't know any spells.
Your spell library contained the following spells:

 Spells                   Type           Power      Damage    Failure   Level
 Sandblast                Erth           0%         2d4       99%         1
 Shock                    Conj/Air       0%         1d3       99%         1
 Passwall                 Tmut/Erth      0%         N/A       100%        2
 Inner Flame              Hex/Fire       0%         N/A       100%        3
 Ozocubu's Armour         Ice            0%         N/A       100%        3
 Swiftness                Air            0%         N/A       100%        3
 Airstrike                Air            0%         2d(0-16)  100%        4
 Flame Wave               Conj/Fire      0%         2d4       100%        4
 Sticky Flame             Conj/Fire      0%         2d3       100%        4
 Arcjolt                  Conj/Air       0%         1d10      100%        5
 Iskenderun's Battlesphe  Conj           0%         2d6       100%        5
 Iron Shot                Conj/Erth      0%         9d1       100%        6
 Ozocubu's Refrigeration  Ice            0%         4d7       100%        7
 Spellforged Servitor     Conj/Summ      0%         N/A       100%        7


Dungeon Overview and Level Annotations

Branches:
Dungeon (7/15)
 Temple: D:4-7

Altars:
Ashenzari
Elyvilon
Hepliaklqana
Kikubaaqudgha
Okawaru

Shops:
D:6 *

Annotations:
D:2 1 runed translucent door, Crazy Yiuf


Message History

The howler monkey hoots and howls with incredible vigour!
The warg bites you but does no damage. The hound completely misses you.
The warg closely misses you. The hound misses you.
You puncture the hound!
The hound is severely wounded.
The warg bites you!
* * * LOW HITPOINT WARNING * * *
You block the hound's attack.
You feel very mighty all of a sudden. The hound bites you but does no damage.
The warg bites you.
* * * LOW HITPOINT WARNING * * *
The howler monkey splashes around in the water.
The hound bites you but does no damage.
You feel yourself speed up. You block the warg's attack.
The hound bites you but does no damage.
The howler monkey hits you but does no damage.
You block the warg's attack.
You are too injured to fight recklessly!
You are too injured to fight recklessly!
You puncture the howler monkey!
You kill the howler monkey!
The hound bites you.
* * * LOW HITPOINT WARNING * * *
You puncture the hound!
You kill the hound!
You block the warg's attack.
You puncture the warg!
The warg is moderately wounded.
The warg bites you but does no damage.
You closely miss the warg.
The warg is moderately wounded.
You block the warg's attack.
You closely miss the warg.
The warg is moderately wounded.
The warg bites you but does no damage.
You puncture the warg!
The warg is severely wounded.
The warg bites you!
You die...

#####################
...P..........†h....#
.P.............†@...#
~~~~~~~≈≈~≈≈~≈~~....#
≈≈≈≈≈≈≈≈≈≈~≈≈≈≈~....#
≈~~~~~~≈h#####≈~....#
.......hh#.og#≈~....#
##########...#≈~P...#
#'###≈~....#
.~≈~....# .≈≈≈..P.#


You could see a warg.

Vanquished Creatures
  Prince Ribbit (D:5)
  A steam dragon (D:7)
  A warg (D:7)
  2 water moccasins (D:6)
  2 orc warriors
  2 black bears
  2 ogres
  2 centaurs (D:7)
  A kobold brigand (D:6)
  2 scorpions (D:5)
  3 gnoll sergeants
  8 howler monkeys (D:7)
  3 jellies
  2 gnoll boudas
  10 hounds
  2 sleepcaps
  4 iguanas
  3 orc wizards
  Robin (D:2)
  25 gnolls
  6 adders
  A shadow imp (D:6)
  2 ufetubi (D:5)
  A worm (D:4)
  8 dart slugs (D:3)
  24 orcs
  7 ball pythons
  10 bats
  3 endoplasms
  5 giant cockroaches
  17 goblins
  8 hobgoblins
  3 jackals (D:1)
  3 quokkas
  6 frilled lizards
  5 kobolds
  6 rats
  A bush (D:7)
193 creatures vanquished.

Vanquished Creatures (others)
  3 plants (D:7)
3 creatures vanquished.

Grand Total: 196 creatures vanquished

Notes
Turn   | Place    | Note
-------+----------+-------------------------------------------
     0 | D:1      | jimonade the Hill Orc Monk began the quest for the Orb.
     0 | D:1      | Reached XP level 1. HP: 19/19 MP: 1/1
   165 | D:1      | Reached XP level 2. HP: 27/27 MP: 2/2
   244 | D:1      | Reached skill level 1 in Invocations
   853 | D:1      | Reached XP level 3. HP: 29/33 MP: 3/3
  1108 | D:2      | Reached skill level 4 in Polearms
  1111 | D:2      | Reached XP level 4. HP: 40/40 MP: 3/5
  1180 | D:2      | Reached skill level 1 in Armour
  1644 | D:2      | Noticed Robin
  1662 | D:2      | Killed Robin
  1663 | D:2      | Reached XP level 5. HP: 42/47 MP: 6/6
  1745 | D:2      | Found a runed translucent door.
  1746 | D:2      | Noticed Crazy Yiuf
  2473 | D:3      | Reached skill level 5 in Polearms
  2680 | D:3      | Identified the ring of Repirgh {*Slow +Blink rCorr Dex+5}
  2960 | D:3      | Reached XP level 6. HP: 50/53 MP: 8/8
  3420 | D:4      | Noticed a black bear
  3426 | D:4      | Killed a black bear
  3598 | D:4      | Reached skill level 5 in Fighting
  3598 | D:4      | Reached XP level 7. HP: 47/61 MP: 9/9
  3890 | D:4      | Reached skill level 6 in Polearms
  4079 | D:4      | Identified the ring of Hiban {rElec Will+ Int+3}
  4251 | D:5      | Entered Level 5 of the Dungeon
  4351 | D:5      | Found a white marble altar of Elyvilon.
  5022 | D:5      | Reached XP level 8. HP: 43/69 MP: 11/11
  5025 | D:5      | Reached skill level 7 in Polearms
  5154 | D:5      | Got Uta Neth's Grimoire of the Rocks and Air
  5228 | D:5      | Reached skill level 5 in Invocations
  5415 | D:6      | Found a broken altar of Ashenzari.
  5442 | D:6      | Found Ywumacvu's Elemental Accessories.
  6137 | D:6      | Noticed Prince Ribbit
  6307 | D:5      | Killed Prince Ribbit
  6308 | D:5      | Reached skill level 8 in Polearms
  6308 | D:5      | Reached skill level 5 in Armour
  6419 | D:6      | Reached skill level 1 in Throwing
  6487 | D:6      | Reached XP level 9. HP: 69/77 MP: 13/13
  7345 | D:7      | Found an iron altar of Okawaru.
  7345 | D:7      | Found a hazy altar of Hepliaklqana.
  7346 | D:7      | Found an ancient bone altar of Kikubaaqudgha.
  8019 | D:7      | Reached skill level 9 in Polearms
  8346 | D:7      | Slain by a warg

Illustrated notes

Levels and vault maps discovered:
D:1:      dpeg_arrival_arbitrary_a, layout_basic
D:2:      layout_basic, minmay_strange_pillars, uniq_crazy_yiuf_cottage,
          uniq_robin
D:3:      kennysheep_slugbush, layout_loops_cross
D:4:      nicolae_cairo_tiling_very_big, layout_gridville
D:5:      layout_loops_ring, mainiacjoe_overflow_alcove_1,
          chequers_decorated_corner
D:6:      layout_rooms, lemuel_crystal_altar, nicolae_elemental_shop,
          lightli_orcish_oven, uniq_prince_ribbit1
D:7:      lemuel_castle_with_subvaults [lemuel_castle_interior_carwin_1],
          layout_loops_ring, gammafunk_temple_overflow_forgotten,
          temple_doors_e, chequers_serial_rivers_micro_e, uniq_maggie,
          uniq_joseph

Skill      XL: |  1  2  3  4  5  6  7  8  9 |
---------------+----------------------------+-----
Invocations    | 1 2 3 4 6 7 |  7.9
Fighting       | 4 5 6 7 |  7.6
Polearms       | 4 5 6 8 9 |  9.3
Armour         | 1 2 3 5 6 |  6.3
Dodging        | 3 |  3.3
Throwing       | 1 |  1.7
Stealth        | |  1.5
Shields        | |  0.4
Evocations     | |  0.1

Action                     |  1- 3 |  4- 6 |  7- 9 || total
---------------------------+-------+-------+-------++-------
  Melee: Spear             |    27 |       |       ||    27
         Trident           |    52 |   303 |   560 ||   915
         Punch             |     1 |     1 |     2 ||     4
  Throw: Dart              |       |       |    20 ||    20
         Stone             |       |       |    10 ||    10
  Evoke: Wand              |       |       |     2 ||     2
    Use: Scroll            |       |     8 |     4 ||    12
         Potion            |       |     1 |     3 ||     4
   Stab: Sleeping          |     1 |       |       ||     1
 Armour: Robe              |     3 |       |       ||     3
         Chain mail        |    41 |   165 |   255 ||   461
  Dodge: Dodged            |    29 |   132 |   206 ||   367
  Block: Buckler           |       |       |    19 ||    19

Table legend: (Time is in decaauts)
 A = Elapsed time spent in this place.
 B = Non-inter-level travel time spent in this place.
 C = Inter-level travel time spent in this place.
 D = Time resting spent in this place.
 E = Time spent auto-exploring this place.
 F = Levels seen in this place.
 G = Mean time per level.
                   A        B        C        D        E       F      G
               +--------+--------+--------+--------+--------+-----+--------+
         Total |   8357 |   7854 |    503 |   1481 |   3897 |   7 | 1193.9 |
       Dungeon |   8357 |   7854 |    503 |   1481 |   3897 |   7 | 1193.9 |
               +--------+--------+--------+--------+--------+-----+--------+

Top non-repeatable levels by time:
     D:5: 1950 daAuts
     D:2: 1326 daAuts
     D:6: 1308 daAuts
     D:4: 1088 daAuts
     D:1: 959 daAuts
     D:3: 911 daAuts
     D:7: 812 daAuts
